 Dungeon Crawl Stone Soup version 0.30-a0-40-gc6d0f036a7 (webtiles) character file.

Game seed: 18210299251694451867

4 flotson the Sneak (level 1, -3/18 HPs)
             Began as a Demonspawn Delver on Aug 29, 2022.
             Slain by an orc
             ... wielding a +0 whip
              (5 damage)
             ... on level 5 of the Dungeon.
             The game lasted 00:00:35 (49 turns).

flotson the Sneak (Demonspawn Delver)                 Turns: 49, Time: 00:00:35

Health: -3/18      AC:  3    Str: 12    XL:     1   Next: 50%
Magic:  1/1        EV: 11    Int: 11    God:
Gold:   0          SH:  0    Dex: 14    Spells: 0/0 levels left

rFire   . . .      SeeInvis .    a - +0 hand axe
rCold   . . .      Faith    .    (no shield)
rNeg    . . .      Spirit   .    b - +0 leather armour
rPois   .          Reflect  .    (no helmet)
rElec   .          Harm     .    (no cloak)
rCorr   .          Rampage  .    (no gloves)
Will    .....                    (no boots)
Stlth   ++........               (no amulet)
HPRegen 0.06/turn                (no ring)
MPRegen 0.07/turn                (no ring)

@: hasted, very quick
A: no striking features
a: no special abilities


You were on level 5 of the Dungeon.
You visited 1 branch of the dungeon, and saw 1 of its levels.

Inventory:

Hand Weapons
 a - a +0 hand axe (weapon)
Armour
 b - a +0 leather armour (worn)
Wands
 g - a wand of digging (3)
Scrolls
 c - a scroll of fog
 d - a scroll of magic mapping
 e - a scroll of fear


   Skills:
 + Level 3.0 Fighting
 + Level 1.8 Axes
 + Level 0.2 Armour
 + Level 1.8 Dodging
 - Level 4.5 Stealth
 + Level 0.2 Evocations


You couldn't memorise any spells.
You didn't know any spells.
Your spell library was empty.

Dungeon Overview and Level Annotations

Branches:
Dungeon (5/15)
 Temple: D:4-7

Altars:


Message History

The orc is lightly wounded.
The orc barely misses you.
You barely miss the orc.
The orc is lightly wounded.
The orc shouts!
The orc hits you but does no damage.
You hit the orc.
The orc is heavily wounded.
The orc hits you with a +2 short sword of holy wrath.
You convulse.
* * * LOW HITPOINT WARNING * * *
You are too injured to fight recklessly!
You are too injured to fight recklessly!
You are too injured to fight recklessly!
You are too injured to fight recklessly!
You are too injured to fight recklessly!
Okay, then.
Unknown command.
Press: ? - help, v - describe, . - travel
Here: an orc, wielding a +2 short sword of holy wrath (heavily wounded)
An open door, spattered with blood.
Unknown command.
You feel yourself speed up.
The orc hits you with a +2 short sword of holy wrath.
* * * LOW HITPOINT WARNING * * *
You convulse.
* * * LOW HITPOINT WARNING * * *
Unknown command.
You hit the orc.
You kill the orc!
You barely miss the orc. The orc misses you.
You slash the orc!
You kill the orc!
You barely miss the orc. The orc barely misses you.
You hit the orc.
The orc is heavily wounded.
You hit the orc.
The orc is almost dead.
The orc hits you with a +0 whip.
You die...

#.# #.#
#####.###########
##...............#
#.....##########.#
##...## #.# ##.## #.#
#.# #.# #@# ###.#
##o## #...# ##oo.##
###.# #.....# ####.#
........>....# #....#
..###.........# #.>#.#
...........+........#
............###......#
..###........##
##..####


You could see 3 orcs.

Vanquished Creatures
  2 orcs (D:5)
2 creatures vanquished.

Notes
Turn   | Place    | Note
-------+----------+-------------------------------------------
     0 | D:5      | flotson the Demonspawn Delver began the quest for the Orb.
     0 | D:5      | Reached XP level 1. HP: 18/18 MP: 1/1
    49 | D:5      | Slain by an orc

Illustrated notes

Levels and vault maps discovered:
D:5:      kennysheep_windowed_halls, layout_loops_corners, trog_book,
          minmay_temple_entry_wispy

Action                   || total
-------------------------++-------
Melee: Hand axe          ||    12
  Use: Potion            ||     1
Armor: Leather armour    ||     2
Dodge: Dodged            ||     4

Table legend: (Time is in decaauts)
 A = Elapsed time spent in this place.
 B = Non-inter-level travel time spent in this place.
 C = Inter-level travel time spent in this place.
 D = Time resting spent in this place.
 E = Time spent auto-exploring this place.
 F = Levels seen in this place.
 G = Mean time per level.
                   A        B        C        D        E       F      G
               +--------+--------+--------+--------+--------+-----+--------+
         Total |     49 |     49 |      0 |      0 |     29 |   1 |   49.0 |
       Dungeon |     49 |     49 |      0 |      0 |     29 |   1 |   49.0 |
               +--------+--------+--------+--------+--------+-----+--------+

Top non-repeatable levels by time:
     D:5: 49 daAuts
